 Dungeon Crawl Stone Soup version 0.30-a0-808-g6e0788376e (webtiles) character file.

Game seed: 8750038427245697474

60 NinjaNoafa the Trooper (level 4, -2/54 HPs)
             Began as a Hill Orc Monk on Feb 26, 2023.
             Was a Believer of Hepliaklqana.
             Killed from afar by an orc wizard (9 damage)
             ... with a magic dart
             ... on level 3 of the Dungeon.
             The game lasted 00:07:33 (1879 turns).

NinjaNoafa the Trooper (Hill Orc Monk)              Turns: 1879, Time: 00:07:33

Health: -2/54      AC:  8    Str: 15    XL:     4   Next: 4%
Magic:  4/4        EV: 11    Int: 10    God:    Hepliaklqana [**....]
Gold:   52         SH:  0    Dex: 13    Spells: 3/3 levels left

rFire   . . .      SeeInvis .    a - +0 spear
rCold   . . .      Faith    .    (no shield)
rNeg    . . .      Spirit   .    h - +0 ring mail
rPois   .          Reflect  .    o - +2 hat
rElec   .          Harm     .    j - +0 cloak
rCorr   .          Rampage  .    (no gloves)
Will    .....                    (no boots) Stlth
                                 (no amulet)
HPRegen 0.29/turn                (no ring)
MPRegen 0.09/turn                (no ring)

@: berserking, very quick
A: reduced essence
a: Renounce Religion, Convert to Beogh, Recall Ancestor, Ancestor Identity


You were on level 3 of the Dungeon.
You worshipped Hepliaklqana.
Hepliaklqana was pleased with you.
You visited 1 branch of the dungeon, and saw 3 of its levels.

You collected 52 gold pieces.

Inventory:

Hand Weapons
 a - a +0 spear (weapon)
Missiles
 f - 4 javelins (quivered)
Armour
 h - a +0 ring mail (worn)
 j - a +0 cloak (worn)
 o - a +2 hat (worn)
Wands
 p - a wand of acid (5)
Scrolls
 d - a scroll of fear {unknown}
 e - a scroll of poison {unknown}
 g - 2 scrolls of enchant armour {unknown}
 i - 3 scrolls of identify {unknown}
 l - a scroll of magic mapping {unknown}
 n - a scroll of fog {unknown}
 q - a scroll of teleportation {unknown}
 s - a scroll of immolation
Potions
 c - a potion of ambrosia
 k - a potion of curing {unknown}
 m - 2 potions of degeneration {unknown}
 r - a potion of brilliance {unknown}


   Skills:
 + Level 4.8 Fighting
 - Level 3.2 Polearms
 + Level 2.6 Armour
 - Level 2.4 Dodging
 - Level 1.5 Stealth


You had 3 spell levels left.
You didn't know any spells.
Your spell library contained the following spells:

 Spells                   Type           Power      Damage    Failure   Level
 Sandblast                Erth           0%         2d4       58%         1
 Passwall                 Tmut/Erth      0%         N/A       73%         2
 Scorch                   Fire           0%         2d5       73%         2
 Gell's Gravitas          Tloc           0%         N/A       91%         3
 Stone Arrow              Conj/Erth      0%         3d7       91%         3
 Teleport Other           Tloc           0%         N/A       91%         3
 Airstrike                Air            0%         2d(0-16)  100%        4
 Flame Wave               Conj/Fire      0%         2d4       100%        4
 Summon Lightning Spire   Summ/Air       0%         N/A       100%        4
 Lightning Bolt           Conj/Air       0%         1d11      100%        5
 Dispersal                Tloc           0%         N/A       100%        6
 Summon Cactus Giant      Summ           0%         N/A       100%        6


Dungeon Overview and Level Annotations

Branches:
Dungeon (3/15)

Altars:
Hepliaklqana


Message History

The orc wizard hits Browni with a +0 dagger.
You swap places.
Browni hits you with a +0 flail.
* * * LOW HITPOINT WARNING * * *
The orc priest calls upon Beogh to heal the orc wizard.
The orc wizard's wounds heal themselves!
The orc wizard hits you but does no damage.
You closely miss the orc wizard.
Browni hits himself with a +0 flail.
The orc wizard casts a spell at you. The puff of flame hits you.
* * * LOW HITPOINT WARNING * * *
The orc priest hits you from afar with a +0 trident.
* * * LOW HITPOINT WARNING * * *
The orc priest shouts, "Surrender to Beogh and we'll let you live!"
It was a potion of berserk rage.
A red film seems to cover your vision as you go berserk!
You feel yourself moving faster!
You feel mighty! Browni closely misses you.
The orc priest completely misses you.
The orc wizard hits you with a +0 dagger.
* * * LOW HITPOINT WARNING * * *
You barely miss the orc wizard. Browni closely misses you.
The orc wizard gestures wildly while chanting.
The orc wizard flickers and vanishes!
Deactivating autopickup; reactivate with Ctrl-A.
The orc priest barely misses you.
You closely miss something. You barely miss something.
You hear some strange, mumbled words.
A magic dart appears from out of thin air!
The magic dart hits you but does no damage.
The orc priest invokes the aid of Beogh against you.
Something writhes in agony!
You closely miss something. You closely miss something.
The orc priest invokes the aid of Beogh against you.
Beogh smites you!
* * * LOW HITPOINT WARNING * * *
You hear some strange, mumbled words.
A magic dart appears from out of thin air!
The magic dart hits you!
You die...

.........#####.#
#..............#
######..#######
########..#
..........# ###
#########R# #.##
#.# ########..##
#.#
#.....o....##
#@#
#.#####.....#
#{# #.# #.#..##
#o####.# #.##..#
#o.....# #......
######## ####...
#... #... ##..
##.


You could see the friendly Browni the knight (confused) and 2 orc priests.

Vanquished Creatures
  An adder (D:2)
  2 dart slugs (D:1)
  3 endoplasms
  A giant cockroach (D:2)
  4 goblins (D:1)
  5 hobgoblins
  2 jackals (D:1)
  A ball python (D:2)
  5 bats
  2 frilled lizards (D:1)
  2 kobolds
  5 rats
33 creatures vanquished.

Vanquished Creatures (collateral kills)
  An adder (D:2)
  An orc (D:3)
  A kobold (D:3)
3 creatures vanquished.

Grand Total: 36 creatures vanquished

Notes
Turn   | Place    | Note
-------+----------+-------------------------------------------
     0 | D:1      | NinjaNoafa the Hill Orc Monk began the quest for the Orb.
     0 | D:1      | Reached XP level 1. HP: 19/19 MP: 1/1
   201 | D:1      | Reached skill level 1 in Armour
   228 | D:1      | Reached skill level 4 in Fighting
   228 | D:1      | Reached XP level 2. HP: 27/27 MP: 2/2
   458 | D:1      | Reached XP level 3. HP: 34/34 MP: 3/3
  1032 | D:2      | Found a faded altar of an unknown god.
  1091 | D:2      | Identified the +2 robe "Agirch" {rCorr Int+2}
  1184 | D:2      | Found a hazy altar of Hepliaklqana.
  1209 | D:2      | Became a worshipper of Hepliaklqana the Forgotten
  1209 | D:2      | Reached * piety under Hepliaklqana
  1209 | D:2      | Reached ** piety under Hepliaklqana
  1210 | D:2      | Remembered your ancestor Browni as a knight
  1224 | D:2      | Reached XP level 4. HP: 34/36 MP: 4/4
  1879 | D:3      | Killed from afar by an orc wizard

Illustrated notes

Levels and vault maps discovered:
D:1:      shiori_arrival_elements, layout_loops_ring
D:2:      layout_basic, basic_altar, hellmonk_ecumenical_altar_blasted
D:3:      layout_loops_ring, slow_altar_1, nicolae_figureground_pulse,
          uniq_crazy_yiuf_cottage, uniq_natasha, uniq_ijyb

Skill      XL: |  1  2  3 |
---------------+----------+-----
Armour         | 1 2 |  2.6
Fighting       | 4 |  4.8
Polearms       | |  3.2
Dodging        | |  2.4
Stealth        | |  1.5

Action                     |  1- 3 |  4- 6 || total
---------------------------+-------+-------++-------
  Melee: Spear             |   182 |    11 ||   193
         Punch             |     4 |       ||     4
 Invoke: Ancestor Life: Kn |     1 |       ||     1
         Ancestor Identity |     1 |       ||     1
    Use: Potion            |       |     1 ||     1
 Armour: Leather armour    |     1 |       ||     1
         Ring mail         |    69 |     2 ||    71
  Dodge: Dodged            |   128 |     5 ||   133

Table legend: (Time is in decaauts)
 A = Elapsed time spent in this place.
 B = Non-inter-level travel time spent in this place.
 C = Inter-level travel time spent in this place.
 D = Time resting spent in this place.
 E = Time spent auto-exploring this place.
 F = Levels seen in this place.
 G = Mean time per level.
                   A        B        C        D        E       F      G
               +--------+--------+--------+--------+--------+-----+--------+
         Total |   1865 |   1753 |    112 |      0 |   1066 |   3 |  621.7 |
       Dungeon |   1865 |   1753 |    112 |      0 |   1066 |   3 |  621.7 |
               +--------+--------+--------+--------+--------+-----+--------+

Top non-repeatable levels by time:
     D:2: 988 daAuts
     D:1: 757 daAuts
     D:3: 119 daAuts
